 Dungeon Crawl Stone Soup version 0.21.0-3-g78d12a8 (webtiles) character file.

81 komo4ek the Chiller (level 4, 0/27 HPs)
             Began as an Octopode Ice Elementalist on Jan 14, 2018.
             Killed from afar by an orc wizard (10 damage)
             ... with a magic dart
             ... on level 3 of the Dungeon.
             The game lasted 00:05:20 (2617 turns).

komo4ek the Chiller (Octopode Ice Elementalist)     Turns: 2617, Time: 00:05:20

Health: 0/27       AC:  1    Str:  7    XL:     4   Next: 42%
Magic:  4/8        EV: 13    Int: 18    God:
Gold:   145        SH:  0    Dex: 12    Spells: 5/8 levels left

rFire    . . .     SeeInvis .   e - +0 dagger
rCold    . . .     Gourm    .   (no shield)
rNeg     . . .     Faith    .   (helmet restricted)
rPois    .         Spirit   .   (no amulet)
rElec    .         Reflect  .   (no ring)
rCorr    .         Harm     .   (no ring)
MR       .....                  (no ring)
Stlth    +++.......             (no ring)
HPRegen  0.09/turn              (no ring)
MPRegen  0.11/turn              (no ring)
                                (no ring)
                                (no ring)

@: no status effects
A: almost no armour, stealthy swim, amphibious, 8 rings, constrict 8, camouflage
1, gelatinous body 1
a: no special abilities


You were on level 3 of the Dungeon.
You were not hungry.

You visited 1 branch of the dungeon, and saw 3 of its levels.

You collected 145 gold pieces.

Inventory:

Hand Weapons
 d - a -1 short sword
 e - a +0 dagger (weapon)
Jewellery
 m - an uncursed amulet of guardian spirit {unknown}
Scrolls
 h - 2 scrolls of noise {unknown}
 i - a scroll of magic mapping {unknown}
 j - a scroll of teleportation {unknown}
 l - a scroll of remove curse
Potions
 c - a potion of might {unknown}
 f - a potion of cancellation {unknown}
 g - 2 potions of lignification {unknown}
 k - a potion of ambrosia {unknown}
Books
 a - a book of Frost

   Spells                             Type                      Level
   a - Freeze                         Ice                          1
   b - Throw Frost                    Conjuration/Ice              2
   c - Ozocubu's Armour               Charms/Ice                   3
   d - Throw Icicle                   Conjuration/Ice              4
   e - Summon Ice Beast               Ice/Summoning                4
Comestibles
 b - 5 rations


   Skills:
 - Level 2.0 Dodging
 - Level 2.6 Stealth
 + Level 2.8 Spellcasting
 - Level 1.0 Conjurations
 * Level 4.5 Ice Magic


You had 5 spell levels left.
You knew the following spells:

 Your Spells              Type           Power        Failure   Level  Hunger
a - Freeze                Ice            ###.         2%          1    None
b - Throw Frost           Conj/Ice       ##....       8%          2    ##.....


Dungeon Overview and Level Annotations

Branches:
Dungeon (3/15)

Altars:
Trog
Yredelemnul


Innate Abilities, Weirdness & Mutations

You cannot wear most types of armour.
You are very stealthy in the water. (Stealth+)
You are amphibious.
You can wear up to eight rings at the same time.
You can use your tentacles to constrict eight enemies at once.
Your skin changes colour to match your surroundings (Stealth+).
Your rubbery body absorbs attacks. (AC +1, EV +1)


Message History

Aim: an orc, wielding a dagger You freeze the orc.
The orc is moderately wounded.
Something barely misses you. The orc closely misses you.
Casting: Freeze
Confirm with . or Enter, or press ? or * to list all spells.
Aiming: Freeze
Press: ? - help, Shift-Dir - straight line, f/p - orc
Aim: an orc, wielding a dagger (moderately wounded)
You freeze the orc.
You kill the orc!
Something hits you.
You barely miss something. Something hits you.
You miss something. Something hits you.
You hit something but do no damage. Something hits you.
You closely miss something.
You hear some strange, mumbled words.
A magic dart appears from out of thin air!
The magic dart hits you!
You die...

..# #.# #.# #.# #.#
######### #.#
#{)...... #.# #@#
#######.#####)##
#.........##...#####
#.####..............
#.#.....#.##...#.#.#
#.#.#...........##
####.#.#..#...#####.#.
.......#.......## #.#
####.#..........# #.#


There were no monsters in sight!

Vanquished Creatures
  A worm (D:2)
  4 dart slugs
  3 leopard geckos (D:1)
  4 orcs (D:3)
  2 giant cockroaches (D:1)
  8 goblins
  6 hobgoblins
  4 jackals (D:1)
  3 quokkas (D:2)
  2 ball pythons
  7 bats
  2 frilled lizards
  8 kobolds
  5 rats
59 creatures vanquished.

Notes
Turn   | Place    | Note
-------+----------+-------------------------------------------
     0 | D:1      | komo4ek the Octopode Ice Elementalist began the quest for the Orb.
     0 | D:1      | Reached XP level 1. HP: 11/11 MP: 3/3
   318 | D:1      | Reached XP level 2. HP: 17/17 MP: 0/5
   716 | D:1      | Reached XP level 3. HP: 21/21 MP: 4/6
  1119 | D:1      | Reached skill level 4 in Ice Magic
  1875 | D:2      | Reached XP level 4. HP: 25/27 MP: 5/8
  2085 | D:2      | Learned a level 2 spell: Throw Frost
  2548 | D:3      | Found a bloodstained altar of Trog.
  2550 | D:3      | Found a basalt altar of Yredelemnul.
  2617 | D:3      | Killed from afar by an orc wizard

Skill      XL: |  1  2  3 |
---------------+----------+-----
Ice Magic      | 4 |  4.5
Dodging        | |  2.0
Stealth        | |  2.6
Spellcasting   | |  2.8
Conjurations   | |  1.0

Action                   |  1- 3 |  4- 6 || total
-------------------------+-------+-------++-------
Melee: Short sword       |    20 |       ||    20
       Unarmed           |     2 |       ||     2
       Constrict         |     7 |    10 ||    17
       Tentacles         |     1 |     1 ||     2
       Dagger            |     3 |    21 ||    24
 Cast: Freeze            |    52 |    17 ||    69
  Use: Scroll            |     2 |       ||     2
 Stab: Sleeping          |     3 |     1 ||     4
  Eat: Ration            |     1 |     1 ||     2
Armor: Skin              |     9 |     2 ||    11
Dodge: Dodged            |    56 |    22 ||    78
